 Dungeon Crawl Stone Soup version bcrawl-1.19.2-6-g6a88ae04c9 (webtiles) character file.

Game seed: 16586014094526149007

19 Freyura the Cudgeler (level 2, 17/17 HPs)
             Began as a Skeleton Gladiator on Jan 6, 2020.
             Safely got out of the dungeon.
             The game lasted 00:01:48 (743 turns).

Freyura the Cudgeler (Skeleton Gladiator)            Turns: 743, Time: 00:01:49

Health: 17/17      AC:  5    Str: 20    XL:     2   Next: 55%
Magic:  2/2        EV: 13    Int:  6    God:
Gold:   137        SH:  0    Dex: 10    Spells: 1/1 levels left

rFire    . . .     SeeInvis .   a - +0 flail
rCold    + + .     Gourm    .   (no shield)
rNeg     + + +     Faith    .   b - +0 leather armour
rPois    ∞         Spirit   +   c - +0 helmet
rElec    .         Reflect  .   (no cloak)
rCorr    .         Harm     .   (no gloves)
MR       .....                  h - +0 pair of boots
Stlth    +.........             (no amulet)
HPRegen  0.05/turn              j - ring of protection from cold
MPRegen  0.08/turn              (no ring)

@: no status effects
A: no food or potions, cold resistance 1, deterioration 1, negative energy
resistance 3, torment resistance, unbreathing, magic shield, sturdy frame 1,
spell healing
a: no special abilities


You escaped.
You were not hungry.

You visited 1 branch of the dungeon, and saw 1 of its levels.

You collected 137 gold pieces.

Inventory:

Hand Weapons
 a - a +0 flail (weapon)
Missiles
 d - 3 throwing nets (quivered) {!f}
Armour
 b - a +0 leather armour (worn)
 c - a +0 helmet (worn)
 h - a +0 pair of boots (worn)
Jewellery
 j - a ring of protection from cold (left hand)
Scrolls
 e - a scroll of amnesia {unknown}
 f - a scroll of enchant weapon {unknown}
 g - 4 scrolls of identify {unknown}
 i - a scroll of magic mapping {unknown}


   Skills:
 + Level 2.2 Fighting
 * Level 4.1 Maces & Flails
 - Level 1.7 Throwing
 + Level 0.9 Armour
 + Level 3.2 Dodging


You had one spell level left.
You didn't know any spells.
Your spell library was empty.

Dungeon Overview and Level Annotations

Branches:
Dungeon (1/12)

Altars:


Innate Abilities, Weirdness & Mutations

You do not eat or drink.
You are immune to poison.
Your flesh is cold resistant. (rC+)
Your body sometimes deteriorates upon taking damage.
You are immune to negative energy. (rN+++)
You are immune to unholy pain and torment.
You can survive without breathing.
When hurt, damage is shared between your health and your magic reserves.
Your movements are slightly less encumbered by armour. (ER -2)
Casting spells heals you.


Message History

No target in view!
No target in view!
You now have 100 gold pieces (gained 14).
g - 4 scrolls labeled DEADUI KAIBAD (gained 1)
You now have 126 gold pieces (gained 26).
You see here a bat corpse.
Found 108 arrows.
Found a spear.
You now have 137 gold pieces (gained 11).
You see here a +0 dagger.
There is a stone staircase leading down here.
Done exploring.
Done exploring.
Done exploring.
You see here a +0 dagger.
There is a staircase leading out of the dungeon here.
You can't go down here!
Unknown command.
Are you sure you want to leave the Dungeon?
This will make you lose the game!
You have escaped!

##### #...# #...######### ######
##............
#....#######.....########
####### #.##.#............#
#.....# #.##.#.####.##..#.#
#.....# #.##.#.#@.#.##.##.#
#.....###.##.#.#..#.##.##.#####
#.....##..##.#.##.#.##..#.....#
#.........##.#....#.##..#####.##
#......##.##.######)##..## #..#
#......÷.................# ##.#
#.†...#.....########...#.####..#
#.....#....## ##.........###
#########..# #.....######.


There were no monsters in sight!

Vanquished Creatures
  An ooze (D:1)
  A leopard gecko (D:1)
  A ball python (D:1)
  A giant cockroach (D:1)
  2 goblins (D:1)
  4 bats (D:1)
  3 kobolds (D:1)
13 creatures vanquished.

Notes
Turn   | Place    | Note
-------+----------+-------------------------------------------
     0 | D:1      | Freyura the Skeleton Gladiator began the quest for the Orb.
     0 | D:1      | Reached XP level 1. HP: 12/12 MP: 1/1
    74 | D:1      | Reached XP level 2. HP: 11/17 MP: 0/2
   173 | D:1      | Reached skill level 4 in Maces & Flails
   743 | D:$      | Safely got out of the dungeon.

Skill      XL: |  1  2 |
---------------+-------+-----
Maces & Flails | 4 |  4.1
Fighting       | |  2.2
Throwing       | |  1.7
Armour         | |  0.9
Dodging        | |  3.2

Action                   || total
-------------------------++-------
Melee: Flail             ||    40
Armor: Leather armour    ||    18
Dodge: Dodged            ||    28
